 Dungeon Crawl Stone Soup version 0.22.1-1-ga44c0e5 (webtiles) character file.

7 MalarOregon the Skirmisher (level 1, 0/20 HPs)
             Began as a Minotaur Abyssal Knight on Sept 22, 2018.
             Was a Follower of Lugonu.
             Slain by a jackal (1 damage)
             ... on level 1 of the Dungeon.
             The game lasted 00:00:54 (50 turns).

MalarOregon the Skirmisher (Minotaur Abyssal Knight)  Turns: 50, Time: 00:00:54

Health: 0/20       AC:  3    Str: 16    XL:     1   Next: 91%
Magic:  1/1        EV: 11    Int:  9    God:    Lugonu [*.....]
Gold:   0          SH:  0    Dex:  9    Spells: 0/0 levels left

rFire    . . .     SeeInvis .   a - +1 falchion
rCold    . . .     Gourm    .   (no shield)
rNeg     . . .     Faith    .   b - +0 leather armour
rPois    .         Spirit   .   (helmet restricted)
rElec    .         Reflect  .   (no cloak)
rCorr    .         Harm     .   (no gloves)
MR       .....                  (no boots)
Stlth    +.........             (no amulet)
HPRegen  0.06/turn              (no ring)
MPRegen  0.07/turn              (no ring)

@: no status effects
A: retaliatory headbutt, horns 2
a: Depart the Abyss, Renounce Religion


You were on level 1 of the Dungeon.
You worshipped Lugonu.
Lugonu was aware of your devotion.
You were not hungry.

You visited 1 branch of the dungeon, and saw 1 of its levels.
You visited the Abyss 1 time.

Inventory:

Hand Weapons
 a - a +1 falchion (weapon)
Armour
 b - a +0 leather armour (worn)
Comestibles
 e - a ration {!d}


   Skills:
 + Level 3.7 Fighting
 * Level 2.8 Long Blades
 + Level 2.5 Armour
 + Level 1.3 Dodging
 + Level 1.9 Invocations


You couldn't memorise any spells.
You didn't know any spells.
Your spell library was empty.

Dungeon Overview and Level Annotations

Branches:
Dungeon (1/15)

Altars:


Innate Abilities, Weirdness & Mutations

You reflexively headbutt those who attack you in melee.
You have a pair of horns on your head.


Message History

You kill the goblin!
Lugonu accepts your kill.
A kobold comes into view.
The kobold shouts!
Found 6 gold pieces.
You see here a club.
You barely miss the ooze.
A jackal comes into view.
The ooze hits you but does no damage.
A jackal comes into view.
The jackal barks! x2
You hit the ooze. The ooze closely misses you. You furiously retaliate!
You headbutt the ooze.
You riposte.
You hit the ooze. You hit the ooze.
You kill the ooze!
Lugonu accepts your kill.
A hobgoblin comes into view.
The hobgoblin shouts!
A jackal comes into view.
The jackal barks!
A bat comes into view.
You barely miss the jackal.
The jackal bites you but does no damage.
The kobold hits you. The jackal closely misses you.
The jackal bites you but does no damage.
You hit the jackal but do no damage. The jackal barely misses you.
You furiously retaliate!
You headbutt the jackal.
You riposte.
You closely miss the jackal. The kobold hits you but does no damage.
The jackal bites you.
* * * LOW HITPOINT WARNING * * *
The jackal closely misses you. The kobold barely misses you.
You riposte.
You closely miss the kobold. You hit the jackal but do no damage.
You headbutt the jackal, but do no damage.
The jackal bites you.
* * * LOW HITPOINT WARNING * * *
The kobold hits you.
* * * LOW HITPOINT WARNING * * *
The jackal bites you.
* * * LOW HITPOINT WARNING * * *
Unknown command.
You closely miss the jackal.
The jackal bites you but does no damage.
The jackal barely misses you.
The jackal bites you but does no damage.
The jackal barely misses you. You furiously retaliate!
You headbutt the jackal!
You kill the jackal!
Lugonu accepts your kill. The jackal bites you.
You die...

#............
.##............
..........#...#
...............
...............
.......gb......
.##...†Kh.....$
....8.h@8.#
.####'''####
#..[......#
#.........#
#.).......#
#≈.......§#
#≈.......≈#
#≈.......≈#
#≈.......≈#


You could see 2 jackals, a hobgoblin, a bat and a kobold.

Vanquished Creatures
  An ooze (D:1)
  A goblin (D:1)
  A jackal (D:1)
3 creatures vanquished.

Notes
Turn   | Place    | Note
-------+----------+-------------------------------------------
     0 | Abyss:1  | MalarOregon the Minotaur Abyssal Knight began the quest for
                  | the Orb.
     0 | Abyss:1  | Reached XP level 1. HP: 19/19 MP: 1/1
    11 | D:1      | Escaped the Abyss
    49 | D:1      | HP: 1/20 [jackal (3)]
    50 | D:1      | Slain by a jackal

Action                   || total
-------------------------++-------
Melee: Falchion          ||    10
       Headbutt          ||     1
Armor: Leather armour    ||     7
Dodge: Dodged            ||     7
       Rpst.: Falchion   ||     3
